 Dungeon Crawl Stone Soup version 0.17-a0-15-g0155121 (console) character file.

0 Monkaria the Ducker (level 1, -1/11 HPs)
             Began as a Spriggan Abyssal Knight on Mar 5, 2015.
             Was a Follower of Lugonu.
             Slain by a starspawn tentacle (2 damage)
             ... attached to a tentacled starspawn
             ... on level 1 of the Abyss.
             The game lasted 00:01:31 (133 turns).

Monkaria the Ducker (Spriggan Abyssal Knight)        Turns: 133, Time: 00:01:32

Health: -1/11      AC:  2    Str:  8    XL:     1   Next: 0%
Magic:  2/2        EV: 18    Int: 13    God:    Lugonu [*.....]
Gold:   13         SH:  0    Dex: 15    Spells: 0 memorised, 0 levels left

rFire  . . .     SeeInvis +     a - +1 short sword
rCold  . . .     Clarity  .     b - +0 robe
rNeg   . . .     SustAb   .     (shield restricted)
rPois  .         Gourm    .     (helmet restricted)
rElec  .         Spirit   .     (no cloak)
rCorr  .         Warding  .     (gloves unavailable)
rMut   .         Stasis   .     (boots unavailable)
MR     .....                    (no amulet)
Stlth  +.........               (no ring)
                                (no ring)

@: about to teleport, non-regenerating, diseased, constricted, very quick, not
resistant to hostile enchantments, very unstealthy
A: unfitting armour, see invisible, herbivore 3, speed 3, slow metabolism 2
a: Depart the Abyss, Renounce Religion


You were on level 1 of the Abyss.
You worshipped Lugonu.
Lugonu was aware of your devotion.
You were not hungry.

You visited 0 branches of the dungeon, and saw 0 of its levels.
You visited the Abyss 1 time.

You collected 13 gold pieces.

Inventory:

Hand weapons
 a - a +1 short sword (weapon)
Armour
 b - a +0 robe (worn)
Jewellery
 f - a cursed -2 ring of intelligence {unknown}
Potions
 d - a potion of curing {unknown}
 g - a potion of ambrosia {unknown}
Comestibles
 c - 2 bread rations


   Skills:
 - Level 2.4 Fighting
 - Level 2.1 Short Blades
 - Level 0.6 Armour
 - Level 3.0 Dodging
 + Level 0.0 Stealth
 - Level 1.7 Invocations


You couldn't memorise any spells.
You didn't know any spells.

Dungeon Overview and Level Annotations

Branches:
Dungeon (0/15)

Altars:


Innate Abilities, Weirdness & Mutations

You are tiny and cannot use many weapons and most armour.
You have supernaturally acute eyesight.
You are a herbivore.
You cover ground extremely quickly.
You need consume almost no food.


Message History

Tentacles burst from the starspawn's body!
You feel ill. The starspawn tentacle grabs you.
The starspawn tentacle constricts you.
You escape the starspawn tentacle's grasp.
A large abomination comes into view.
The large abomination moves out of view.
There is a gateway leading deeper into the Abyss here.
The starspawn tentacle grabs you.
You stop descending the stairs.
The starspawn tentacle constricts you.
Unknown command.
Read which item? (? for menu, Esc to quit)
As you read the scroll labeled ORACUH DOPHU, it crumbles to dust.
You feel strangely unstable.
You feel the power of the Abyss delaying your translocation.
It was a scroll of teleportation.
The smoke demon barely misses you. The smoke demon hits you. x2
* * * LOW HITPOINT WARNING * * *
The starspawn tentacle loses its grip on you.
The tentacle pulls you backwards! The starspawn tentacle grabs you.
You die...

##.#. ... ........
............... . .....
........ . . ...
#.....#.....#. .. #
#.).###...###...###...###
.....#.....#.....#.....#.
..........................
... .......xw@........ . .
......(....3x*w..........
....
#.....#.....#*.*..#.....#
.. . # .
##...###**.###...## .. # .
..#.... #..X..#.. .. .. .
...................x ..
.................... . .
...................... ..
. . .....#.....#... .


You could see a tentacled starspawn, an ancient zyme, a smoke demon, a small
abomination and 2 starspawn tentacles.

Vanquished Creatures (others)
  54 starspawn tentacle segments (Abyss:1)
54 creatures vanquished.

Notes
Turn   | Place    | Note
--------------------------------------------------------------
     0 | Abyss:1  | Monkaria, the Spriggan Abyssal Knight, began the quest for the Orb.
     0 | Abyss:1  | Reached XP level 1. HP: 11/11 MP: 2/2
     8 | Abyss:1  | Noticed a flying skull
    11 | Abyss:1  | Noticed a flying skull
    11 | Abyss:1  | Noticed a flying skull
    12 | Abyss:1  | Noticed a flying skull
    45 | Abyss:1  | Noticed a large abomination
    93 | Abyss:1  | Noticed a small abomination
    94 | Abyss:1  | Noticed an ancient zyme
   119 | Abyss:1  | Noticed a smoke demon
   126 | Abyss:1  | Noticed a tentacled starspawn
   131 | Abyss:1  | Noticed a large abomination
   133 | Abyss:1  | Slain by a starspawn tentacle

Action                   || total
-------------------------++-------
  Use: Scroll            ||     1
